[Event "Championnat d'Europe de Blitz"]
[Date "2024.12.09"]
[White "Peyrer, Konstantin"]
[Black "Van Foreest, Jorden"]
[WhiteElo "2440"]
[BlackElo "2677"]
[Round "5.3"]
[Result "1/2-1/2"]
[TimeControl "180+2"]

1. d4 Nf6 2. c4 e6 3. Nc3 d5 4. Nf3 a6 5. cxd5 exd5 6. Bg5 Be6 7. e3 Nbd7 8. Bd3 c6 9. h3 Bd6 10. O-O O-O 11. Bf4 Ne8 12. Rc1 g6 13. Ne5 Qb8 14. Nxd7 Bxd7 15. Ne2 Ng7 16. Qb3 a5 17. Qb6 Ne6 18. Bxd6 Qxd6 19. a3 Qc7 20. Qb3 Rfb8 21. Kh1 Qd8 22.
Ng1 Ng5 23.
f4 Ne6 24.
Nf3 Ng7 25.
Ne5 a4 26.
Qd1 Bf5 27.
g4 Bxd3 28.
Nxd3 Qe7 29. Qf3 Re8 30. Rce1 Qe4 31. Qxe4 Rxe4 32. Nc5 Re7 33. f5 Ne8 34. f6 Rc7 35. e4 b6 36. Nd3 dxe4 37. Rxe4 Rd8 38. Nb4 Kf8 39. g5 Nd6 40. Re7 Rdc8 41.
Rxc7 Rxc7 42. Rc1 Ke8 43. Nxc6 Ne4 44. Re1 Rxc6 45. Rxe4+ Kf8 46. d5 Rc1+ 47. Kg2 b5 48. d6 Rd1 49. Re5 Rxd6 50. Rxb5 Ke8 51. Rb7 Rd3 52. h4 Re3 53. Kf2 Rh3 54. Rb4 Kd7 55. Re4 Kd6 56. Kg2 Rb3 57. Re2 Kd5 58. Kh2 Kd6 59. Kg2 Kd5 60. Kh2 1/2-1/2

[Site "Europe Echecs"]

[Event "Championnat d'Europe de Blitz"]
[Date "2024.12.09"]
[White "Pichot, Alan"]
[Black "Alonso Rosell, Alvar"]
[WhiteElo "2637"]
[BlackElo "2532"]
[Round "5.4"]
[Result "1-0"]
[TimeControl "180+2"]

1. e4 e5 2. Nf3 Nc6 3. Bc4 Nf6 4. d3 h6 5. c3 d6 6. a4 g6 7. a5 Bg7 8. O-O O-O 9. a6 b6 10. Nbd2 Bd7 11. Bb5 Nb8 12. Bxd7 Nbxd7 13. d4 b5 14. Re1 c5 15. dxe5 dxe5 16. c4 b4 17. Nb3 Qb6 18. h3 Rfd8 19. Qc2 Qc6 20. Ra5 Rac8 21. Nh2 Nh7 22. Ng4 Nhf8 23. Bxh6 Ne6 24. Bxg7 Kxg7 25. Ne3 Nd4 26. Qd3 Nxb3 27. Qxb3 Qxe4 28. Rd1 Nb8 29. Rxd8 Rxd8 30. Rxc5 Nxa6 31. Rd5 Rxd5 32. cxd5 Nc5 33. Qd1 Qd4 34. Qc2 a5 35. b3 a4 36. bxa4 b3 37. Qb1 Qxa4 38. Nd1 Qa2 39. Qb2 Nd3 40. Qc3 Qc2 41. d6 Qxd1+ 42. Kh2 Qc2 43.
Qb4 Qc5 44.
Qb8 e4 45.
d7 b2 46. d8=Q Qe5+ 47. Qxe5+ Nxe5 48. Qb6 Nd3 49. Kg3 f5 50. f4 Kf7 51. h4 Ke7 52. h5 gxh5 53. Kh4 Kf7 54. Kg5 e3 55. Qb3+ Ke7 56. Kxf5 e2 57. Qe6+ Kd8 58. Qd6+ Kc8 59.
Qc6+ Kb8 60.
Qb5+ Kc7 61.
Qc4+ Kb8 62.
Qxd3 e1=Q 63. Qb5+ Kc7 64. Qxb2 Qg3 65. Qe2 h4 66. Qg4 Qe1 67. Kg6 Qe8+ 68. Kh7 Qe4 69. Kh6 Kd8 70. Qg8+ Ke7 71. Qg7+ Ke6 72. Qg6+ Kd5 73. Qxe4+ Kxe4 74. Kg5 Ke3 75. f5 Kf2 76. Kxh4 1-0

[Site "Europe Echecs"]

[Event "Championnat d'Europe de Blitz"]
[Date "2024.12.09"]
[White "Grigoriants, Sergey"]
[Black "Muradli, Mahammad"]
[WhiteElo "2542"]
[BlackElo "2588"]
[Round "5.5"]
[Result "0-1"]
[TimeControl "180+2"]

1. e4 c5 2. Nf3 d6 3. Bb5+ Bd7 4. Bxd7+ Nxd7 5. c3 Ngf6 6. Qe2 e6 7. d4 Be7 8. e5 Nd5 9. c4 N5b6 10. exd6 Bxd6 11. b4 cxb4 12. c5 Nxc5 13. dxc5 Bxc5 14. Qb5+ Nd7 15. Qxb7 Rb8 16. Qe4 Qf6 17. Bf4 Qxa1 18. Bxb8 Nxb8 19. O-O O-O 20. Nbd2 Qxa2 21. Rc1 0-1

[Site "Europe Echecs"]

[Event "Championnat d'Europe de Blitz"]
[Date "2024.12.09"]
[White "Larkin, Vladyslav"]
[Black "Kazakouski, Valery"]
[WhiteElo "2449"]
[BlackElo "2567"]
[Round "5.6"]
[Result "0-1"]
[TimeControl "180+2"]

1. e4 e5 2. Nf3 Nc6 3. Bb5 Bc5 4. c3 Nf6 5. O-O O-O 6. d4 Bb6 7. Re1 d6 8. h3 Bd7 9. Ba4 Re8 10. Bc2 h6 11. a3 a6 12. b3 Nh7 13. Be3 Ng5 14. Nbd2 Nxf3+ 15. Nxf3 Ba7 16. Qd2 Qf6 17. Rad1 Rad8 18. dxe5 dxe5 19. Bxa7 Nxa7 20. Qe3 Nb5 21. a4 Nd6 22. Rd2 Bc6 23. Red1 a5 24. c4 b6 25. Re1 Nb7 26. Red1 Rxd2 27. Rxd2 Nc5 28. Ne1 Ne6 29. Nf3 Nc5 30. Ne1 h5 31. Rd1 g6 32. Nf3 Kg7 33. Ng5 Rd8 34. Rxd8 Qxd8 35. f4 exf4 36. Qxf4 Qd4+ 37. Kh1 Qa1+ 38. Kh2 Qf6 39. Qg3 Nd7 40. Nf3 Qd8 41. Nd4 Bb7 42. e5 Nf8 43. Nf5+ Kh7 44. Ne3 Ne6 45. Qf3 Bxf3 0-1

[Site "Europe Echecs"]

[Event "Championnat d'Europe de Blitz"]
[Date "2024.12.09"]
[White "Sarana, Alexey"]
[Black "Krallis, Christos"]
[WhiteElo "2674"]
[BlackElo "2383"]
[Round "5.7"]
[Result "1-0"]
[TimeControl "180+2"]

1. d4 d5 2. c4 e6 3. Nc3 Nf6 4. Bg5 Be7 5. e3 O-O 6. Qc2 Nbd7 7. cxd5 exd5 8. Nf3 c6 9. Bd3 h6 10. Bf4 Re8 11. O-O Nf8 12. h3 Ne6 13. Be5 Bd6 14. Rae1 Ng5 15. Nh2 Nge4 16. Bxd6 Qxd6 17. Nf3 Bf5 18. Ne5 Bh7 19. Ne2 c5 20. b3 cxd4 21. exd4 Rac8 22. Qb2 Qb4 23. Rd1 Nc3 24. Nxc3 Qxc3 25. Bxh7+ Nxh7 26. Qa3 a6 27. Rd3 Qc7 28. Re3 Nf6 29. Rfe1 Re6 30. Qb4 Qb6 31. Qxb6 Rxb6 32. Nd3 Ne4 33. f3 Nc3 34. a4 Rxb3 35. Nc5 Ra3 36. Nxb7 Rxa4 37. Nd6 Rc6 38. Re8+ Kh7 39. Nxf7 Rf6 40. R1e7 Ne2+ 41. Kh2 Nxd4 42. Rh8+ Kg6 43. Ne5+ Kf5 44. Ng4 Re6 45. Rxg7 Re2 46. Rf8+ Ke6 47. Rf6# 1-0

[Site "Europe Echecs"]

[Event "Championnat d'Europe de Blitz"]
[Date "2024.12.09"]
[White "Koelle, Tobias"]
[Black "Navara, David"]
[WhiteElo "2437"]
[BlackElo "2665"]
[Round "5.8"]
[Result "1-0"]
[TimeControl "180+2"]

1. d4 Nf6 2. c4 e6 3. Nf3 b6 4. g3 Ba6 5. Qc2 c5 6. d5 exd5 7. cxd5 Bb7 8. Bg2 Nxd5 9. O-O Nc6 10. Rd1 Be7 11.
a3 Nc7 12.
Bf4 Ne6 13.
Nc3 O-O 14.
e3 Nxf4 15. gxf4 d6 16. Nd5 Qd7 17. Kh1 f5 18. Rd2 Kh8 19. Rad1 Rad8 20. b4 Qe8 21. b5 Nb8 22. Ng5 Bxg5 23. fxg5 Bxd5 24. Rxd5 f4 25. exf4 Rxf4 26. Qd2 Qf8 27. Rxd6 Rd4 28. Rxd4 Rxd4 29. Qe2 Nd7 30. Bc6 Rxd1+ 31. Qxd1 Ne5 32. Qd5 Ng6 33. Kg1 Nf4 34. Qe4 Nh3+ 35. Kg2 Nxg5 36. Qe5 h6 37. h4 Nf7 38. Qc7 Nd6 39. Qxa7 Qd8 40. a4 Nf5 41. a5 Nxh4+ 42. Kh3 g5 43.
Qa8 Qxa8 44.
Bxa8 Ng6 1-0

[Site "Europe Echecs"]

[Event "Championnat d'Europe de Blitz"]
[Date "2024.12.09"]
[White "Deac, Bogdan-Daniel"]
[Black "Beerdsen, Thomas"]
[WhiteElo "2696"]
[BlackElo "2502"]
[Round "5.9"]
[Result "1-0"]
[TimeControl "180+2"]

1. Nf3 d5 2. e3 Nf6 3. c4 c6 4. Nc3 a6 5. Qc2 b5 6. b3 g6 7. Bb2 Bf5 8. Bd3 Bxd3 9. Qxd3 e6 10. cxd5 cxd5 11. a4 b4 12. Ne2 Nbd7 13. Rc1 Bg7 14. O-O O-O 15. Rc6 a5 16. Rfc1 Qb8 17.
Rc7 Ra7 18.
Rxa7 Qxa7 19. Ne5 Nxe5 20. Bxe5 Ne4 21. Bxg7 Kxg7 22. f3 Nf6 23. Qd4 Qb8 24. Qc5 Qa8 25. Nd4 e5 26. Nb5 Rd8 27. Qc7 e4 28. f4 Rd7 29. Qe5 Qd8 30. Rc6 d4 31. Nxd4 Rd5 32. Qc7 Qe8 33. Qb6 Nh5 34. g3 Qe7 35. Rc7 Qe8 36. Qb7 Rd8 37. Qc6 Qxc6 38. Rxc6 Nf6 39. Kf1 Nd5 40. Rc5 h5 41. Rxa5 h4 42. Rc5 hxg3 43. hxg3 Nf6 44. a5 Rh8 45. Kg2 Ng4 46. Rg5 Nf6 47. a6 Ra8 48. Ra5 Nd7 49. a7 Nb6 50.
Nc6 Kf6 51. Nxb4 Ke6 52. Ra6 [Site "Europe Echecs"]

[Event "Championnat d'Europe de Blitz"]
[Date "2024.12.09"]
[White "Mamedov, Rauf"]
[Black "Gavrilescu, David"]
[WhiteElo "2656"]
[BlackElo "2549"]
[Round "5.10"]
[Result "1/2-1/2"]
[TimeControl "180+2"]

1. e4 c5 2.
Nf3 e6 3. c3 Nf6 4. e5 Nd5 5. a3 a6 6. d4 cxd4 7. cxd4 d6 8. Bd3 Bd7 9. Qe2 Bc6 10. O-O Nd7 11. Re1 dxe5 12. dxe5 Nc5 13. Bc2 Be7 14. b4 Bb5 15. Qd1 Nd7 16. Nd4 Rc8 17. Nxb5 axb5 18. Bd3 Qb6 19. Qg4 Nxe5 20. Qe2 Nxd3 21. Qxd3 O-O 22. Bb2 Rfd8 23. Qe2 Bf6 24. Bxf6 Nxf6 25. Ra2 h6 26. h3 Rc4 27. Nd2 Rc3 28. Nf3 Nd5 29. Qe5 Rdc8 30. Nd4 Rc1 31. Rae2 Rxe1+ 32. Rxe1 Rc4 33.
Nf5 exf5 34. Qxd5 Qc6 35. Qxf5 Rc1 36. Rxc1 Qxc1+ 37. Kh2 Qxa3 38. Qxb5 Qa8 39. Qe5 Qd8 40. b5 b6 41. g3 g6 42. h4 h5 43. Kg2 Qa8+ 44. Kh2 Qd8 45. Qe4 Qd6 46. Qc6 Qd4 47. Kg2 Kg7 48. Qf3 Qe5 49. Qb3 Qe4+ 50. Kh2 Qd4 51. Kg1 Qa1+ 52. Kg2 Qe5 53. Qd3 Qc5 54. Kf3 Qe5 55. Qc4 Qb2 56. Ke3 Qa3+ 57. Qd3 Qe7+ 58. Qe4 Qa3+ 59. Qd3 Qe7+ 60. Kd2 Qc5 61. Qc3+ Qxc3+ 62. Kxc3 Kf6 1/2-1/2

[Site "Europe Echecs"]

[Event "Championnat d'Europe de Blitz"]
[Date "2024.12.09"]
[White "Santos Latasa, Jaime"]
[Black "Subelj, Jan"]
[WhiteElo "2628"]
[BlackElo "2526"]
[Round "5.11"]
[Result "1-0"]
[TimeControl "180+2"]

1. Nf3 d5 2.
e3 Nf6 3. c4 e6 4. Nc3 Bd6 5. b3 O-O 6. Bb2 b6 7. cxd5 exd5 8. Nb5 Be7 9. Be5 Ne8 10. Rc1 c5 11. Bxb8 Rxb8 12. Nxa7 Bd7 13. Nb5 Nd6 14. Nxd6 Bxd6 15. Be2 b5 16. O-O Qa5 17. Rc2 c4 18. Nd4 Be5 19. Bg4 f5 20. Bf3 b4 21.
bxc4 Bxd4 22. Bxd5+ Kh8 23. exd4 Ba4 24. Qc1 Bxc2 25.
Qxc2 Rbd8 26. h3 f4 27. Re1 Qa7 28. Re4 Rde8 29. c5 Qd7 30. Bb3 f3 31. Ba4 Rxe4 32. Bxd7 Re1+ 33. Kh2 Re2 34. Bg4 Rxf2 35. Bxf3 R8xf3 36. c6 Rf8 37. c7 Rc8 38. d5 Rf6 39. Qc5 Kg8 40. d6 Rf7 41. Qd5 Kf8 42. d7 1-0

[Site "Europe Echecs"]

[Event "Championnat d'Europe de Blitz"]
[Date "2024.12.09"]
[White "Bulmaga, Irina"]
[Black "Pultinevicius, Paulius"]
[WhiteElo "2386"]
[BlackElo "2579"]
[Round "5.12"]
[Result "0-1"]
[TimeControl "180+2"]

1. e4 c5 2. c3 Nf6 3. e5 Nd5 4. Nf3 d6 5. Bb5+ Nc6 6. exd6 Qxd6 7. O-O e6 8. a4 Be7 9. Na3 O-O 10. d4 cxd4 11. Nxd4 Bd7 12. Nxc6 Bxc6 13. Nc4 Qc7 14. Bxc6 Qxc6 15. Qe2 Bf6 16. Ne5 Bxe5 17. Qxe5 Qc4 18. Be3 Rfe8 19. h3 a6 20. Qd4 Qc6 21. Rfd1 Rac8 22. a5 Qb5 23. Rd2 Rc4 24. Qd3 Qc6 25. Rad1 f5 26. f3 Ra4 27. Bb6 h6 28. Kh1 Rh4 29. Bf2 Rc4 30. Bg3 Qb5 31. Re1 Kf7 32. Re5 Rc6 33. Qxb5 axb5 34. Rdxd5 exd5 35. Rxf5+ Kg6 36. Rxd5 b4 37. Be5 bxc3 38. Bxc3 Re7 39. h4 Kf7 40. h5 Rec7 41. Kg1 Rc5 42. Rxc5 Rxc5 43.
g4 Rc7 44. Kf2 Ke6 45. f4 Kd5 46. Kf3 Kc4 47. g5 Kd5 48. g6 Rd7 49. f5 Re7 50. Kf4 Re4+ 51.
Kf3 Rh4 52. Bxg7 Rxh5 53. f6 Rf5+ 54. Kg4 Rg5+ 0-1

[Site "Europe Echecs"]

[Event "Championnat d'Europe de Blitz"]
[Date "2024.12.09"]
[White "Van Foreest, Lucas"]
[Black "Zlatkov, Anton"]
[WhiteElo "2520"]
[BlackElo "2324"]
[Round "5.13"]
[Result "0-1"]
[TimeControl "180+2"]

1. e4 c5 2. Nf3 e6 3. d4 cxd4 4. Nxd4 Nf6 5. Nc3 Nc6 6. a3 Be7 7. Be3 d6 8. Be2 O-O 9. O-O e5 10. Nb3 Be6 11. Nd5 Nxe4 12. c4 Nc5 13.
Nd2 f5 14.
f4 e4 15. b4 Nd7 16. Nb3 Bf6 17. Ra2 Ne7 18. Nxf6+ Nxf6 19. Rd2 Qc7 20. Nd4 Bxc4 21. Rc2 Bxe2 22. Rxc7 Bxd1 23. Rxe7 Nd5 24. Rxb7 Nxe3 25. Re1 Nc2 26. Rxd1 Nxd4 27. Rxd4 Rfe8 28. Rxd6 e3 29. Kf1 e2+ 30. Ke1 Rac8 31. Rd1 exd1=Q+ 32. Kxd1 Red8+ 33. Ke1 Rc1+ 34. Ke2 Rc2+ 35. Ke1 Re8+ 36.
Kd1 Rxg2 37.
Rxa7 0-1

[Site "Europe Echecs"]

[Event "Championnat d'Europe de Blitz"]
[Date "2024.12.09"]
[White "Kozul, Zdenko"]
[Black "Arnaudov, G. Petar"]
[WhiteElo "2519"]
[BlackElo "2401"]
[Round "5.14"]
[Result "0-1"]
[TimeControl "180+2"]

1. d4 Nf6 2. c4 e6 3. g3 d5 4. Bg2 Be7 5. Nf3 O-O 6. O-O a5 7. Qc2 Nbd7 8. Nbd2 c5 9. e4 cxd4 10. exd5 exd5 11. Nxd4 Nc5 12. Nf5 d4 13. Nb3 d3 14. Nxe7+ Qxe7 15. Qd2 Bf5 16. Re1 Qd6 17. Qf4 Qxf4 18. Bxf4 Nfe4 19. f3 Nxb3 20. axb3 Nc5 21. Ra3 Rfe8 22. Be3 Rad8 23. Kf2 d2 24. Rd1 Nd3+ 25. Ke2 Nc1+ 26. Kf2 Bc2 27. Rxc1 Rxe3 28. Raa1 dxc1=Q 29. Rxc1 Red3 30. Rxc2 Rd2+ 0-1

[Site "Europe Echecs"]

[Event "Championnat d'Europe de Blitz"]
[Date "2024.12.09"]
[White "Domingo Nunez, Ruben"]
[Black "Motylev, Alexander"]
[WhiteElo "2409"]
[BlackElo "2596"]
[Round "5.15"]
[Result "1-0"]
[TimeControl "180+2"]

1. e4 c5 2. d4 cxd4 3. c3 d3 4. Bxd3 g6 5. c4 Bg7 6. Nf3 Nc6 7. O-O d6 8. h3 Nf6 9. Nc3 O-O 10. Be3 Be6 11. Rc1 Nd7 12. b3 Nc5 13. Bb1 Rc8 14. Qe2 Re8 15. Rfd1 Qc7 16. Nd5 Qb8 17. Ng5 Bd7 18. Nf3 e6 19. Nc3 Red8 20. Nb5 Be8 21. Nxd6 Nxb3 22. axb3 Rxd6 23. h4 h6 24. h5 g5 25. e5 Rxd1+ 26. Rxd1 Nxe5 27. Nxe5 Qxe5 28. Qd3 b6 29. Qh7+ Kf8 30. Bd4 Rd8 31. Qxg7+ 1-0

[Site "Europe Echecs"]

[Event "Championnat d'Europe de Blitz"]
[Date "2024.12.09"]
[White "Fedoseev, Vladimir"]
[Black "Kilic, Eray"]
[WhiteElo "2709"]
[BlackElo "2459"]
[Round "5.16"]
[Result "1-0"]
[TimeControl "180+2"]

1. d4 Nf6 2. c4 e6 3. Nf3 d5 4.
Nc3 Bb4 5. Bg5 h6 6. Bxf6 Qxf6 7. e3 dxc4 8. Bxc4 O-O 9. O-O Rd8 10. Ne4 Qe7 11. a3 Bd6 12. Qc2 Nd7 13. b4 b6 14. Bb5 Bb7 15. Rfc1 Nf6 16. Nxf6+ Qxf6 17. e4 Bf4 18. Re1 Rac8 19. Bc6 Bxc6 20. Qxc6 Qg6 21. e5 h5 22. Re4 Bh6 23. Rae1 Rd5 24. Qb7 Rdd8 25. Qxa7 Qf5 26. Qb7 g5 27. Qc6 g4 28. Nh4 Qg5 29. g3 Qe7 30. h3 Bg5 31. hxg4 Bxh4 32. gxh4 Qxh4 33. R1e3 Kh8 34. Rg3 Rd5 35. Qc1 Kh7 36. Rf4 Rg8 37. g5 1-0

[Site "Europe Echecs"]

[Event "Championnat d'Europe de Blitz"]
[Date "2024.12.09"]
[White "Fressinet, Laurent"]
[Black "Asllani, Muhamet"]
[WhiteElo "2588"]
[BlackElo "2112"]
[Round "5.17"]
[Result "1-0"]
[TimeControl "180+2"]

1. d4 Nf6 2. Nf3 e6 3. Bg5 d5 4. Nbd2 Be7 5. e3 O-O 6. Bd3 c5 7. c3 Nc6 8. O-O h6 9. Bh4 b6 10. Ne5 Nxe5 11. dxe5 Nd7 12. Bxe7 Qxe7 13. f4 Bb7 14.
Nf3 Rad8 15.
Qe2 c4 16.
Bc2 Nc5 17.
Nd4 a6 18.
Qg4 Kh8 19.
Rf3 f5 20.
Qh5 Qe8 21.
Qh3 Ne4 22.
Bxe4 dxe4 23. Rf2 b5 24. a3 a5 25. g4 fxg4 26. Qxg4 Bd5 27. Rg2 Rf7 28. Kh1 b4 29. axb4 axb4 30. cxb4 Qe7 31. b5 Re8 32. Rag1 Bb7 33. Qh5 Rd8 34. Rg6 Rxd4 35. Qg4 Rd3 36. Rxh6+ Kg8 37. Qh5 1-0

[Site "Europe Echecs"]

[Event "Championnat d'Europe de Blitz"]
[Date "2024.12.09"]
[White "Kadric, Denis"]
[Black "Trushko, Andrii"]
[WhiteElo "2544"]
[BlackElo "2143"]
[Round "5.18"]
[Result "0-1"]
[TimeControl "180+2"]

1. e4 c6 2. d4 d5 3. e5 Bf5 4. h4 h5 5. Bd3 Bxd3 6. Qxd3 e6 7. Bg5 Qa5+ 8. Nd2 Qa6 9. c4 Ne7 10. Ne2 Nf5 11. O-O c5 12. Qf3 Nc6 13. cxd5 Ncxd4 14. Nxd4 Nxd4 15. Qe4 exd5 16. Qxd5 Qc6 17. Qc4 Ne6 18. Nf3 Be7 19. Bxe7 Kxe7 20. Rad1 Rhd8 21. Qc2 g6 22. b3 b5 23. Rfe1 Rac8 24. Nd2 Rd4 25. Ne4 Rcd8 26. f3 Qd5 27. Rxd4 Qxd4+ 28. Nf2 Qxh4 29. Re4 Qg5 30. f4 Qg3 31. a4 a6 32. axb5 axb5 33. f5 gxf5 34. Re1 Rg8 35.
Nd3 h4 36.
Re2 h3 37.
Nxc5 Nd4 38. Qd2 Nxe2+ 0-1

[Site "Europe Echecs"]

[Event "Championnat d'Europe de Blitz"]
[Date "2024.12.09"]
[White "Pacher, Milan"]
[Black "Lagarde, Maxime"]
[WhiteElo "2310"]
[BlackElo "2600"]
[Round "5.19"]
[Result "0-1"]
[TimeControl "180+2"]

1. Nf3 f5 2. d3 Nc6 3. e4 e5 4. Nc3 Nf6 5. g3 fxe4 6. dxe4 Bb4 7. Bg2 Bxc3+ 8. bxc3 d6 9. O-O O-O 10. Nd2 Bg4 11. f3 Be6 12. c4 Qe8 13. a4 Na5 14. c5 dxc5 15. Bb2 Nc6 16. Rf2 Rd8 17. Bf1 Kh8 18. Ra3 Nd4 19. Re3 Qxa4 20. Ra3 Qc6 21. Rxa7 Qb6 22. Qa1 Nxc2 23. Nc4 Bxc4 24. Rxc2 Bxf1 25. Kxf1 Nxe4 26.
Bxe5 Qg6 27.
Kg2 Ng5 28.
Rf2 Nxf3 29.
Rxb7 Nxe5 30. Rxf8+ Rxf8 31. Qxe5 Qc6+ 0-1

[Site "Europe Echecs"]

[Event "Championnat d'Europe de Blitz"]
[Date "2024.12.09"]
[White "Sargissian, Gabriel"]
[Black "Popovic, Milos T"]
[WhiteElo "2628"]
[BlackElo "2334"]
[Round "5.20"]
[Result "1/2-1/2"]
[TimeControl "180+2"]

1. Nf3 Nf6 2. c4 e6 3. g3 b6 4. Bg2 Bb7 5. d4 c5 6. d5 exd5 7. Nh4 g6 8. cxd5 Bg7 9. Nc3 O-O 10. O-O d6 11. e4 a6 12. a4 Nbd7 13. Re1 Re8 14. Nf3 Qc7 15. Bg5 c4 16. Nd2 Ne5 17. Bf1 Nfd7 18. Rc1 Rac8 19. Be3 Nc5 20. Nxc4 Nxc4 21. Bxc4 Nxe4 22.
Nxe4 Rxe4 23. Bd3 Rxe3 24. Rxc7 Rxe1+ 25. Qxe1 Rxc7 26.
Qe8+ Bf8 27.
Be4 Re7 28.
Qb8 Rxe4 29.
Qxb7 Rb4 30. Qxa6 Rxb2 31. g4 h6 32. h4 Bg7 33. Qc8+ Kh7 34. Qe8 Rb4 35. f3 Rf4 36. Kg2 Be5 37. Qb5 Kg7 38. g5 Rxh4 39. gxh6+ Kxh6 40. Qxb6 Rxa4 41. Qb7 Rf4 1/2-1/2

[Site "Europe Echecs"]

[Event "Championnat d'Europe de Blitz"]
[Date "2024.12.09"]
[White "Pantsulaia, Levan"]
[Black "Perunovic, Miodrag"]
[WhiteElo "2522"]
[BlackElo "2357"]
[Round "5.21"]
[Result "1-0"]
[TimeControl "180+2"]

1. Nf3 Nf6 2. g3 g6 3. b3 Bg7 4. Bb2 O-O 5. Bg2 d6 6. O-O e5 7. c4 c5 8.
d3 Nc6 9.
Nc3 h6 10.
Nd2 Be6 11.
Rc1 Nh7 12.
a3 f5 13. e3 Ng5 14. f4 Nh7 15. Qc2 Qd7 16. Nd5 Rae8 17. b4 b6 18. Qa4 Rc8 19. Ba1 Kh8 20. Nf3 Qf7 21. bxc5 bxc5 22. fxe5 Nxe5 23. Nxe5 dxe5 24. Rb1 Rb8 25. Qc6 Rxb1 26. Rxb1 Rc8 27. Qa6 Rd8 28. Rb7 Rd7 29. Rb8+ Nf8 30. Qc6 Kh7 31. Qxc5 f4 32. exf4 exf4 33. Bxg7 Qxg7 34. Rxf8 fxg3 35. Nf6+ 1-0

[Site "Europe Echecs"]

[Event "Championnat d'Europe de Blitz"]
[Date "2024.12.09"]
[White "Dardha, Daniel"]
[Black "Aizenberg, Benny"]
[WhiteElo "2639"]
[BlackElo "2425"]
[Round "5.22"]
[Result "1-0"]
[TimeControl "180+2"]

1. d4 Nf6 2. c4 g6 3. h4 Bg7 4. Nc3 d6 5. e4 O-O 6. Be2 c5 7. d5 e6 8. h5 exd5 9.
exd5 Re8 10.
Kf1 Nbd7 11.
h6 Bh8 12.
Bg5 a6 13.
a4 Qb6 14.
b3 Ne5 15.
Rc1 Bf5 16.
Rh4 Ned7 17.
Nf3 Qb4 18.
Bd2 Qb6 19.
Ng5 Ne5 20.
Bf4 Re7 21.
g3 Rae8 22.
Kg2 Qb4 23.
Bd2 Qb6 24.
Be1 Nd3 25.
Bxd3 Rxe1 26. Qxe1 Rxe1 27. Rxe1 Bxd3 28.
Re7 Kf8 29. Rxf7+ Ke8 30. Rh1 Ne4 31. Ncxe4 Bxe4+ 32. f3 Qd8 33. Ne6 Qa5 34. Rf8+ Ke7 35. fxe4 Qd2+ 36. Rf2 Qe3 37. Rhf1 Qxe4+ 38. Kh2 Bf6 39. Rxf6 Qe2+ 40. R1f2 Qh5+ 41. Kg2 g5 42. Rf7+ Qxf7 43. Rxf7+ Kxf7 44. Nxg5+ Kg6 45. Ne4 1-0

[Site "Europe Echecs"]

[Event "Championnat d'Europe de Blitz"]
[Date "2024.12.09"]
[White "Danov, Lyubomir"]
[Black "Fridman, Daniel"]
[WhiteElo "2297"]
[BlackElo "2571"]
[Round "5.23"]
[Result "1/2-1/2"]
[TimeControl "180+2"]

1. e4 e6 2. d3 c5 3. Nf3 Nc6 4. g3 g6 5. d4 cxd4 6. Nxd4 Bg7 7. Nb3 d5 8. exd5 exd5 9. Bg2 Qe7+ 10. Qe2 Qxe2+ 11. Kxe2 Bg4+ 12. f3 Bf5 13. c3 O-O-O 14. Na3 d4 15. cxd4 Nxd4+ 16. Nxd4 Bxd4 17. Nb5 Bc5 18. Rd1 Rxd1 19. Kxd1 Ne7 20. Bf4 Rd8+ 21. Ke1 Nc6 22. Rc1 b6 23. Nd6+ Kd7 24. Nxf5 gxf5 25. Rd1+ Ke8 26. Rxd8+ Kxd8 27. a3 a5 28. Bd2 Bd4 29. b4 Bb2 30. bxa5 Nxa5 31. a4 Nc4 32. Bb4 Ne3 33. Kf2 Bd4 34. Bd2 Nc4+ 35. Ke2 Bg1 36. Bh3 Nxd2 37. Kxd2 f4 38. gxf4 Bxh2 39. Ke3 Ke7 40. Ke4 Kf6 41. Bg4 Bg3 42. Bh3 Be1 43. Bg4 Bd2 44. Bh3 Bc1 45. Bg4 Kg6 46. Bf5+ Kh6 47. Ke5 Kg7 48. Ke4 h5 49. Bh3 Kf6 50. Bf5 Ke7 51. Bh3 Bb2 52. Kf5 Bf6 53. Bf1 Bh4 54. Bc4 Kf8 55. Bb3 Kg7 56. Bc4 Bd8 57. Bf1 h4 58. Kg4 Be7 59. Bc4 f5+ 60. Kh3 Kg6 61. Bd3 Bf6 62. Bc2 1/2-1/2

[Site "Europe Echecs"]

[Event "Championnat d'Europe de Blitz"]
[Date "2024.12.09"]
[White "Dobrikov, Marco"]
[Black "Djukic, Nikola"]
[WhiteElo "2407"]
[BlackElo "2493"]
[Round "5.24"]
[Result "0-1"]
[TimeControl "180+2"]

1. Nf3 c5 2.
e4 e6 3. d4 cxd4 4. Nxd4 Nc6 5. Nc3 Qc7 6. Be3 a6 7. Bd3 Nf6 8. O-O Ne5 9. h3 Bc5 10. Be2 d6 11. Qd2 O-O 12. f4 Ng6 13. Nb3 Bxe3+ 14. Qxe3 b5 15. a3 Bb7 16. Rad1 Rac8 17. Rd2 e5 18. f5 Ne7 19. Bf3 d5 20. exd5 Nxf5 21. Qg5 Qb6+ 22. Kh2 Nd6 23. Re2 Nc4 24. Ne4 Nxd5 25. Ng3 h6 26. Qh4 Nf4 27. Ref2 Ne3 28. Re1 Bxf3 29. Rxf3 Nexg2 30. Qg4 Nxe1 31. Nf5 Nxf3+ 32. Kh1 Qf6 0-1

[Site "Europe Echecs"]

[Event "Championnat d'Europe de Blitz"]
[Date "2024.12.09"]
[White "Mastrovasilis, Dimitrios"]
[Black "Stanojoski, Zvonko"]
[WhiteElo "2537"]
[BlackElo "2401"]
[Round "5.25"]
[Result "1/2-1/2"]
[TimeControl "180+2"]

1. e4 c5 2. Nf3 Nc6 3. Bb5 Nf6 4. Bxc6 dxc6 5. d3 g6 6. Bf4 Bg7 7. Nc3 Bg4 8. h3 Bxf3 9. Qxf3 Nd7 10. O-O O-O 11. Qe3 Re8 12. Kh1 b6 13. Rae1 Nf8 14. Bh6 Bh8 15. Bxf8 Rxf8 16. e5 Qd4 17. Qg3 f6 18. exf6 Bxf6 19. Re4 Qd7 20. Nd1 Rf7 21. b3 Raf8 22. f3 Bd4 23. Ne3 Bxe3 24. Rxe3 Qd4 25. Rfe1 Qb2 26. Qf2 Qxa2 27. Rxe7 Qb2 28. Rxf7 Rxf7 29. Re4 Kg7 30. Kh2 Qc3 31. h4 a5 32. h5 Qf6 33. Qg3 Re7 34. Qh3 Rxe4 35. h6+ Kf7 36. dxe4 Qd6+ 37. Kh1 Qd1+ 38. Kh2 Qd6+ 39. Kh1 Qd1+ 40. Kh2 Qd6+ 1/2-1/2

[Site "Europe Echecs"]

[Event "Championnat d'Europe de Blitz"]
[Date "2024.12.09"]
[White "Domalchuk-Jonasson, Aleksandr"]
[Black "Smeets, Jan"]
[WhiteElo "2377"]
[BlackElo "2552"]
[Round "5.26"]
[Result "0-1"]
[TimeControl "180+2"]

1. c4 e6 2.
d4 d5 3. Nf3 a6 4. Bg5 Be7 5. Bxe7 Nxe7 6. g3 dxc4 7. Bg2 b5 8. a4 Bb7 9. O-O Nd7 10. b3 cxb3 11.
Qxb3 Bd5 12. Qb2 Rb8 13. Nbd2 O-O 14. Rfc1 Nf6 15. Qc2 b4 16. a5 b3 17. Qb2 Nc6 18. Ra3 Rb4 19. e3 Qa8 20. Ne1 Bxg2 21. Nxg2 Rfb8 22. Nf4 R4b5 23. Rxb3 Rxb3 24. Nxb3 Nxa5 25. Rc3 Qb7 26. Nd3 Nxb3 27. Qa2 h6 28. h3 a5 29. Ne5 Ne4 30. Rc2 Ng5 31. Nc6 Ra8 32. Rc3 a4 33. h4 Ne4 34. Rc4 Nd6 35. Rxa4 Rxa4 36. Qxa4 Nd2 37. Ne7+ Kf8 38. Qd7 Qb1+ 39. Kh2 Nf3+ 40. Kg2 Qe4 41. Qc6 Nxh4+ 42. Kh3 Qxc6 43. Nxc6 Nf3 44. Kg4 Nd2 45. Kf4 N2c4 46. e4 g5+ 47. Kf3 Nd2+ 48. Kg4 N2xe4 49. Kh5 Kg7 50. Ne5 Nf6# 0-1

[Site "Europe Echecs"]

[Event "Championnat d'Europe de Blitz"]
[Date "2024.12.09"]
[White "Baidetskyi, Valentin"]
[Black "Diermair, Andreas"]
[WhiteElo "2519"]
[BlackElo "2433"]
[Round "5.27"]
[Result "1-0"]
[TimeControl "180+2"]

1. e4 e6 2. d4 d5 3. e5 c5 4. c3 Nc6 5. Nf3 Bd7 6. Be2 f6 7.
O-O fxe5 8.
Nxe5 Nxe5 9.
dxe5 Qc7 10.
Re1 O-O-O 11. Bf1 Kb8 12. a4 c4 13. Be3 Bc5 14. Na3 Ne7 15. Nc2 Bxe3 16. Rxe3 Nc6 17. Nd4 Na5 18. Qg4 Rhg8 19.
Rae1 a6 20.
Rf3 Bc8 21.
Qh5 Rdf8 22.
Rxf8 Rxf8 23. Qxh7 Nc6 24. Nxc6+ bxc6 25. Re3 Qb7 26. Re2 c5 27. Qh4 Qf7 28. g3 Bb7 29. Bg2 Qf5 30. Qe7 Qb1+ 31. Bf1 Qf5 32. Qd6+ 1-0

[Site "Europe Echecs"]

[Event "Championnat d'Europe de Blitz"]
[Date "2024.12.09"]
[White "Livaic, Leon"]
[Black "Alienkin, Aleksander"]
[WhiteElo "2560"]
[BlackElo "2337"]
[Round "5.28"]
[Result "1-0"]
[TimeControl "180+2"]

1. d4 e6 2. Nf3 Nf6 3. c4 Bb4+ 4. Nbd2 b6 5. a3 Bxd2+ 6. Qxd2 Bb7 7. e3 O-O 8. Be2 Ne4 9. Qc2 d6 10. O-O f5 11. b4 Nd7 12. Bb2 Qe7 13. d5 e5 14. Nd2 Nxd2 15.
Qxd2 a5 16.
f4 Nf6 17.
Bd3 e4 18.
Be2 axb4 19.
axb4 b5 20.
cxb5 Kh8 21.
Bc4 Qf7 22.
Rfd1 h6 23.
Ra5 Nd7 24.
Bb3 Nb6 25.
Qd4 Rg8 26.
Qd2 Kh7 27.
g3 g5 28.
fxg5 hxg5 29. Qg2 Bxd5 30. Rxd5 Nxd5 31. Qd2 f4 32. Bxd5 fxe3 33. Bxe4+ Kh6 34. Qxe3 Rgf8 35. Bg2 Rae8 36. Qd2 Qf5 37. h4 Rg8 38. b6 Qb1+ 39. Kh2 c5 40. bxc5 Kh7 41. cxd6 gxh4 42. Rh5+ Kg6 43. Qg5+ 1-0

[Site "Europe Echecs"]